 Dungeon Sprint DCSS version 0.27-a0-1051-g288ea87c7c (webtiles) character file.

Game seed: 7865322325841937412

6629 mhtbhm the Scorcher (level 10, 0/53 HPs)
             Began as a Deep Elf Fire Elementalist on Apr 20, 2021.
             Was the Champion of Vehumet.
             Slain by a +3 flail of holy wrath (28 damage)
             ... in the Dungeon (Sprint V: "Ziggurat Sprint").
             The game lasted 00:05:19 (936 turns).

mhtbhm the Scorcher (Deep Elf Fire Elementalist)     Turns: 936, Time: 00:05:19

Health: 0/53       AC:  8    Str:  5    XL:     10   Next: 72%
Magic:  10/31      EV: 17    Int: 36    God:    Vehumet [******]
Gold:   0          SH:  5    Dex: 15    Spells: 16/40 levels left

rFire    + . .     SeeInvis .   C - +8 lance "Wyrmbane" {slay drac, rPois rF+ rC+ AC+3}
rCold    + . .     Faith    .   (no shield)
rNeg     . . .     Spirit   .   a - +0 robe
rPois    +         Reflect  +   (no helmet)
rElec    .         Harm     .   r - +2 cloak {rPois}
rCorr    .         Rampage  .   (no gloves)
Will     +....     NoTele   +   (no boots)
Stlth    ++++......             t - amulet of reflection
HPRegen  0.17/turn              u - +6 ring of intelligence
MPRegen  0.22/turn              v - +6 ring of intelligence

@: no status effects
A: no striking features
a: Renounce Religion


You were in the Dungeon.
You worshipped Vehumet.
Vehumet was exalted by your worship.
You visited 1 branch

Inventory:

Hand Weapons
 C - the +8 lance "Wyrmbane" (weapon) {slay drac, rPois rF+ rC+ AC+3}
   (You found it in the Dungeon)

   It affects your AC (+3).
   It protects you from fire.
   It protects you from cold.
   It protects you from poison.
Armour
 a - a +0 robe (worn)
 r - a +2 cloak of poison resistance (worn)
Jewellery
 t - an amulet of reflection (around neck)
 u - a +6 ring of intelligence (left hand)
 v - a +6 ring of intelligence (right hand)
Wands
 y - a wand of mindburst (7)
 z - a wand of iceblast (4)
 A - a wand of acid (5)
Scrolls
 h - 2 scrolls of blinking
 m - 4 scrolls of amnesia
 n - 7 scrolls of fog
 o - a scroll of holy word
 p - 5 scrolls of identify
 q - a scroll of fear
 w - 4 scrolls of enchant weapon
Potions
 b - 2 potions of brilliance
 c - 10 potions of curing
 d - 8 potions of heal wounds
 e - 6 potions of haste
 f - 7 potions of magic
 g - 3 potions of berserk rage
 i - 2 potions of invisibility
 j - 4 potions of resistance
 k - a potion of experience
 l - 5 potions of might
Miscellaneous
 s - a tin of tremorstones (2/2)
 B - a lightning rod (4/4)


   Skills:
 + Level 1.9 Fighting
 + Level 10.4 Dodging
 - Level 8.3 Stealth
 + Level 15.6 Spellcasting
 + Level 6.1 Conjurations
 + Level 18.5 Fire Magic
 + Level 7.8 Evocations


You had 16 spell levels left.
You knew the following spells:

 Your Spells              Type           Power      Damage    Failure   Level
a - Foxfire               Conj/Fire      100%       2x1d9     0%          1
b - Conjure Flame         Conj/Fire      87%        6-21      1%          3
c - Inner Flame           Hex/Fire       76%        N/A       1%          3
d - Sticky Flame          Conj/Fire      87%        2d10      1%          4
e - Fireball              Conj/Fire      43%        3d17      1%          5
f - Ignition              Fire           52%        3d14      1%          8

Your spell library contained the following spells:

 Spells                   Type           Power      Damage    Failure   Level
 Iskenderun's Mystic Bla  Conj/Tloc      50%        2d11      1%          4
 Apportation              Tloc           56%        N/A       1%          1
 Freeze                   Ice            100%       1d11      1%          1
 Blink                    Tloc           N/A        N/A       1%          2
 Call Imp                 Summ           28%        N/A       1%          2
 Poisonous Vapours        Pois/Air       56%        N/A       1%          2
 Searing Ray              Conj           100%       3d7       1%          2
 Sublimation of Blood     Necr           14%        N/A       1%          2
 Frozen Ramparts          Ice            56%        1d7       1%          3
 Ignite Poison            Fire/Tmut/Pois 64%        N/A       1%          3
 Mephitic Cloud           Conj/Pois/Air  42%        N/A       1%          3
 Hailstorm                Conj/Ice       50%        3d11      1%          4
 Starburst                Conj/Fire      43%        8x6d12    1%          6
 Lesser Beckoning         Tloc           14%        N/A       3%          3
 Ozocubu's Armour         Ice            28%        N/A       3%          3
 Spider Form              Tmut/Pois      14%        N/A       3%          3
 Tukima's Dance           Hex            28%        N/A       3%          3
 Summon Lightning Spire   Summ/Air       28%        N/A       13%         4
 Conjure Ball Lightning   Conj/Air       25%        3x3d7     16%         6
 Alistair's Intoxication  Tmut/Pois      18%        N/A       34%         5
 Metabolic Englaciation   Hex/Ice        14%        N/A       34%         5
 Silence                  Hex/Air        14%        N/A       34%         5
 Invisibility             Hex            28%        N/A       89%         6
 Tornado                  Air            14%        N/A       100%        9


Dungeon Overview and Level Annotations

Branches:
Dungeon (1/1)

Altars:
Ashenzari
Cheibriados
Dithmenos
Elyvilon
Fedhas
Gozag
Hepliaklqana
Kikubaaqudgha
Makhleb
Nemelex Xobeh
Okawaru
Qazlal
Ru
Sif Muna
Trog
Uskayaw
Vehumet
Wu Jian
Xom
Yredelemnul
Zin
The Shining One
Beogh
Jiyva
Lugonu

Annotations:
D 1 transporter


Message History

As you read the scroll of blinking, it crumbles to dust.
Casting: Fireball (safe; 1% risk of failure)
Confirm with . or Enter, or press ? or * to list all spells.
Aiming: Fireball (safe; 1% risk of failure)
Press: ? - help, Shift-Dir - straight line The fireball explodes!
The fireball engulfs the deep elf zephyrmancer!
The deep elf zephyrmancer resists.
The deep elf zephyrmancer is almost dead.
Unknown command.
Unknown command.
Unknown command.
Casting: Fireball (safe; 1% risk of failure)
Confirm with . or Enter, or press ? or * to list all spells.
Aiming: Fireball (safe; 1% risk of failure)
Press: ? - help, Shift-Dir - straight line The fireball explodes!
The fireball engulfs the deep elf zephyrmancer!
The deep elf zephyrmancer resists.
You kill the deep elf zephyrmancer!
Vehumet accepts your kill.
You feel your power returning.
Your Conjurations skill increases to level 6!
Unknown command.
Unknown command.
Aiming: Corrosive Bolt
Press: ? - help, Shift-Dir - straight line, f - +3 flail of holy wrath
Aim: a +3 flail of holy wrath (heavily damaged, 48% to hit)
The bolt of acid misses the +3 flail of holy wrath.
The bolt of acid hits the earth elemental!!
The earth elemental is splashed with acid.
The acid corrodes the earth elemental!
The earth elemental is severely damaged.
The +3 flail of holy wrath hits you!!
* * * LOW HITPOINT WARNING * * *
Unknown command.
Unknown command.
You feel much better. The +3 flail of holy wrath hits you!!
Ouch! That really hurt!
You die...

▓.........▓...)...▓
▓.........▓.......▓
▓.........▓.......▓
▓.........▓.......▓
▓.........▓.......▓
▓....©....▓...©...▓
▓▓▓▓▓▓▓▓▓▓▓▓▓▓▓▓▓▓▓
▓...8©8...▓..8©8..▓
▓.@(=|E[..▓..}}|..▓
▓...:))|..▓..=||..▓
▓....).)..▓.......▓
▓.....)...▓.......▓
▓.........▓.......▓
▓.........▓.......▓
▓.▓.....▓.▓.▓...▓.▓
▓....©....▓...©...▓
▓▓▓▓▓▓▓▓▓▓▓▓▓▓▓▓▓▓▓


You could see an earth elemental (corroded) and a +3 flail of holy wrath.

Vanquished Creatures
  A mummy priest (D)
  A death scarab (D)
  A deep elf knight (D)
  2 deep elf zephyrmancers (D)
  2 deep elf pyromancers (D)
  2 naga magi (D)
  A guardian mummy (D)
  A jumping spider (D)
  4 spriggans (D)
  An air elemental (D)
  A tarantella (D)
  2 nagas (D)
  A hell hound (D)
  A water moccasin (D)
  2 black bears (D)
  6 wolves (D)
  2 scorpions (D)
  4 mummies (D)
  An adder (D)
  A shadow imp (D)
  An ufetubus (D)
  A bat zombie (D)
  2 ball python skeletons (D)
  A ball python zombie (D)
  A giant cockroach zombie (D)
43 creatures vanquished.

Notes
Turn   | Place    | Note
-------+----------+-------------------------------------------
     0 | D        | mhtbhm the Deep Elf Fire Elementalist began the quest for
                  | the Orb.
     0 | D        | Reached XP level 1. HP: 10/10 MP: 6/6
     0 | D        | Found a shimmering blue altar of Sif Muna.
     0 | D        | Found a bloodstained altar of Trog.
     0 | D        | Found a sacrificial altar of Ru.
     0 | D        | Found a stormy altar of Qazlal.
     0 | D        | Found an iron altar of Okawaru.
     1 | D        | Found a sparkling altar of Nemelex Xobeh.
     1 | D        | Found a blossoming altar of Fedhas.
     2 | D        | Found the +6 Majin-Bo {vamp, MP+6 Int+6}
     2 | D        | Found the +9 heavy crossbow "Sniper" {vorpal, Acc+∞ SInv}
     2 | D        | Found the +10 dark maul {vorpal}
     2 | D        | Found the +15 Maxwell's patent armour {-Cast -Tele rElec
                  | Will+ rCorr}
     2 | D        | Found the +18 shield of the Gong {rElec rN+ Will+ EV-5}
     2 | D        | Found the +14 obsidian axe {vorpal, Drain Fly SInv}
     2 | D        | Found the +7 great mace "Firestarter" {inner flame, rF++}
     2 | D        | Found the +6 shillelagh "Devastator" {shatter}
     2 | D        | Found the +11 plutonium sword {Contam Stlth-}
     2 | D        | Found the +8 lance "Wyrmbane" {slay drac, rPois rF+ rC+
                  | AC+3}
     2 | D        | Found the +9 sword of Zonguldrok {reap}
     2 | D        | Found the +13 scythe of Curses {drain, Drain}
     2 | D        | Found the +5 sword of Power {vorpal}
     2 | D        | Found the +7 mace of Variability {chain chaos}
     2 | D        | Found the +7 Singing Sword {vorpal, sonic wave}
     2 | D        | Found the +8 storm bow {elec, penet}
     3 | D        | Found a transporter.
     3 | D        | Found an ancient bone altar of Kikubaaqudgha.
     3 | D        | Found a viscous altar of Jiyva.
     3 | D        | Found a corrupted altar of Lugonu.
     3 | D        | Found a hazy altar of Hepliaklqana.
     3 | D        | Found a burning altar of Makhleb.
     3 | D        | Found an opulent altar of Gozag.
    27 | D        | Became a worshipper of Vehumet
    81 | D        | Entered arena 2.
    81 | D        | Found a transporter.
    87 | D        | Got the Papyrus of the Cankerous Blaze
   101 | D        | Entered arena 3.
   101 | D        | Noticed a black bear
   101 | D        | Noticed a wolf
   101 | D        | Noticed a wolf
   101 | D        | Found a transporter.
   103 | D        | Killed a wolf
   103 | D        | Reached * piety under Vehumet
   103 | D        | Offered knowledge of Freeze by Vehumet.
   104 | D        | Reached skill level 5 in Spellcasting
   104 | D        | Reached skill level 7 in Fire Magic
   104 | D        | Reached XP level 2. HP: 15/15 MP: 6/10
   104 | D        | Reached XP level 3. HP: 19/19 MP: 7/12
   104 | D        | Reached XP level 4. HP: 24/24 MP: 7/13
   104 | D        | Killed a black bear
   104 | D        | Killed a wolf
   105 | D        | Reached skill level 5 in Dodging
   105 | D        | Reached skill level 5 in Stealth
   105 | D        | Reached skill level 10 in Fire Magic
   105 | D        | Reached XP level 5. HP: 28/28 MP: 9/17
   113 | D        | Learned a level 3 spell: Conjure Flame
   117 | D        | Learned a level 3 spell: Inner Flame
   122 | D        | Learned a level 4 spell: Sticky Flame
   128 | D        | Learned a level 5 spell: Fireball
   159 | D        | Entered arena 4.
   159 | D        | Noticed a tarantella
   159 | D        | Noticed a jumping spider
   159 | D        | Found a transporter.
   160 | D        | Reached ** piety under Vehumet
   161 | D        | Reached skill level 11 in Fire Magic
   161 | D        | Reached XP level 6. HP: 32/32 MP: 14/19
   164 | D        | Killed a tarantella
   165 | D        | Reached skill level 12 in Fire Magic
   165 | D        | Reached XP level 7. HP: 13/36 MP: 4/21
   165 | D        | Killed a jumping spider
   166 | D        | Reached skill level 10 in Spellcasting
   357 | D        | Entered arena 5.
   357 | D        | Noticed a spriggan
   357 | D        | Noticed a spriggan
   357 | D        | Noticed a spriggan
   357 | D        | Found a transporter.
   359 | D        | Killed a spriggan
   359 | D        | Offered knowledge of Magic Dart by Vehumet.
   359 | D        | Reached *** piety under Vehumet
   359 | D        | Killed a spriggan
   360 | D        | Reached skill level 13 in Fire Magic
   360 | D        | Reached XP level 8. HP: 41/41 MP: 13/24
   362 | D        | Reached skill level 14 in Fire Magic
   381 | D        | Learned a level 8 spell: Ignition
   444 | D        | Entered arena 6.
   444 | D        | Found a transporter.
   445 | D        | Reached **** piety under Vehumet
   448 | D        | Reached skill level 15 in Fire Magic
   453 | D        | Got Pinwostruum's Theurgy, Part Two
   606 | D        | Entered arena 7.
   606 | D        | Noticed a naga mage
   606 | D        | Noticed a naga mage
   608 | D        | Reached ***** piety under Vehumet
   608 | D        | Offered knowledge of Dazzling Flash by Vehumet.
   608 | D        | Killed a naga mage
   608 | D        | Killed a naga mage
   609 | D        | Reached skill level 1 in Fighting
   609 | D        | Reached skill level 16 in Fire Magic
   609 | D        | Reached skill level 5 in Evocations
   609 | D        | Reached XP level 9. HP: 36/47 MP: 17/28
   660 | D        | Found a transporter.
   673 | D        | Got the ring "Nykh" {Fire +Blink rElec}
   680 | D        | Entered arena 8.
   682 | D        | Reached ****** piety under Vehumet
   686 | D        | Found a transporter.
   702 | D        | Entered arena 9.
   702 | D        | Noticed a death scarab
   702 | D        | Noticed a guardian mummy
   702 | D        | Noticed a mummy priest
   706 | D        | Killed a mummy priest
   706 | D        | Killed a death scarab
   706 | D        | Killed a guardian mummy
   707 | D        | Reached skill level 10 in Dodging
   707 | D        | Reached skill level 17 in Fire Magic
   707 | D        | Reached XP level 10. HP: 14/52 MP: 24/30
   800 | D        | Found a transporter.
   923 | D        | Entered arena 10.
   923 | D        | Noticed a deep elf zephyrmancer
   923 | D        | Noticed a deep elf knight
   923 | D        | Noticed a deep elf pyromancer
   923 | D        | Noticed a deep elf zephyrmancer
   923 | D        | Noticed a +3 flail of holy wrath
   923 | D        | Noticed a deep elf pyromancer
   925 | D        | Killed a deep elf pyromancer
   925 | D        | Offered knowledge of Iskenderun's Mystic Blast by Vehumet.
   925 | D        | Killed a deep elf pyromancer
   926 | D        | Reached skill level 5 in Conjurations
   926 | D        | Reached skill level 18 in Fire Magic
   928 | D        | Found a transporter.
   929 | D        | Killed a deep elf knight
   930 | D        | Reached skill level 15 in Spellcasting
   930 | D        | Killed a deep elf zephyrmancer
   934 | D        | Killed a deep elf zephyrmancer
   935 | D        | HP: 1/53 [+3 flail of holy wrath (19)]
   936 | D        | Slain by a +3 flail of holy wrath

Illustrated notes

Levels and vault maps discovered:
D:        sprint_v [room_start, room_1, room_2, room_3, room_4, room_5, room_6,
          room_7, room_8, room_9, room_10, room_11, room_12, room_13, room_14,
          room_15, room_16, room_17, room_18, room_19, room_20, room_21,
          room_22, room_23, room_24, room_25, room_26, room_27]

Skill      XL: |  1  2  3  4  5  6  7  8  9 10 |
---------------+-------------------------------+-----
Dodging        | 4 5 6 7 9 10 | 10.4
Stealth        | 4 5 6 7 8 |  8.3
Spellcasting   | 5 7 8 9 10 13 14 15 | 15.6
Fire Magic     | 7 10 11 12 13 16 17 18 | 18.5
Evocations     | 2 3 4 5 6 7 |  7.8
Conjurations   | 2 3 4 6 |  6.1
Fighting       | 1 |  1.9

Action                   |  1- 3 |  4- 6 |  7- 9 | 10-12 || total
-------------------------+-------+-------+-------+-------++-------
 Cast: Fireball          |       |     2 |    11 |     7 ||    20
       Ignition          |       |       |     1 |       ||     1
Evoke: Wand              |     3 |       |       |     2 ||     5
       Lightning rod     |       |     2 |     5 |       ||     7
       Tin of tremorston |       |       |     1 |       ||     1
  Use: Scroll            |       |     1 |       |     2 ||     3
       Potion            |       |       |       |     2 ||     2
Armor: Robe              |       |     1 |       |       ||     1
Dodge: Dodged            |       |       |       |     1 ||     1

Table legend: (Time is in decaauts)
 A = Elapsed time spent in this place.
 B = Non-inter-level travel time spent in this place.
 C = Inter-level travel time spent in this place.
 D = Time resting spent in this place.
 E = Time spent auto-exploring this place.
 F = Levels seen in this place.
 G = Mean time per level.
                   A        B        C        D        E       F      G
               +--------+--------+--------+--------+--------+-----+--------+
         Total |    945 |    945 |      0 |    667 |      0 |   1 |  945.0 |
       Dungeon |    945 |    945 |      0 |    667 |      0 |   1 |  945.0 |
               +--------+--------+--------+--------+--------+-----+--------+

Top non-repeatable levels by time:
       D: 945 daAuts
